 Dungeon Crawl Stone Soup version 0.30-a0-578-gdee14c521f (webtiles) character file.

Game seed: 10660780302863789057

28 scionoferis the Trooper (level 3, -7/31 HPs)
             Began as a Draconian Monk on Dec 31, 2022.
             Blown up by Ijyb (9 damage)
             ... with a mindburst bolt
             ... on level 3 of the Dungeon.
             The game lasted 00:02:52 (1687 turns).

scionoferis the Trooper (Draconian Monk)            Turns: 1687, Time: 00:02:53

Health: -7/31      AC:  5    Str: 15    XL:     3   Next: 0%
Magic:  3/3        EV: 12    Int: 10    God:
Gold:   107        SH:  0    Dex: 13    Spells: 2/2 levels left

rFire   . . .      SeeInvis .    i - +4 dagger
rCold   . . .      Faith    .    (no shield)
rNeg    . . .      Spirit   .    (body armour unavailable)
rPois   .          Reflect  .    (helmet restricted)
rElec   .          Harm     .    (no cloak)
rCorr   .          Rampage  .    (no gloves)
Will    .....                    (no boots)
Stlth   ++                       (no amulet)
HPRegen 0.25/turn                (no ring)
MPRegen 0.08/turn                (no ring)

@: attractive
A: AC +5, unfitting armour, cold-blooded
a: no special abilities


You were on level 3 of the Dungeon.
You visited 1 branch of the dungeon, and saw 3 of its levels.

You collected 107 gold pieces.


Innate Abilities, Weirdness & Mutations

Your plain brown scales are hard. (AC +5)
You cannot fit into any form of body armour.
You are cold-blooded and may be slowed by cold attacks.


   Skills:
 + Level 3.5 Fighting
 + Level 2.9 Dodging
 * Level 2.4 Stealth
 * Level 3.4 Unarmed Combat


You had 2 spell levels left.
You didn't know any spells.
Your spell library contained the following spells:

 Spells                   Type           Power      Damage    Failure   Level
 Beastly Appendage        Tmut           0%         N/A       36%         1
 Wereblood                Tmut           0%         N/A       50%         2
 Spider Form              Tmut/Pois      0%         N/A       75%         3

Inventory:

Hand Weapons
 i - a +4 dagger (weapon)
   (You took it off a goblin on level 2 of the Dungeon)
Missiles
 f - 5 poisoned darts (quivered)
Scrolls
 c - 4 scrolls of identify {unknown}
 d - a scroll of teleportation {unknown}
 g - a scroll of poison {unknown}
 h - a scroll of fog {unknown}
 k - a scroll of vulnerability {unknown}
Potions
 a - a potion of ambrosia
 b - a potion of curing

Dungeon Overview and Level Annotations

Branches:
Dungeon (3/15)

Altars:

Shops:
D:1 :

Annotations:
D:3 Ijyb

.. .. ..
#. .##.
.#.###
)...#
K#.######
#g..>...#
#@.#
#..###
#....#
#.##.##.#
#.##.##.#
#.......#
###..##.#
#..##.#
#...#.#


You could see Ijyb and a kobold.


Message History

Welcome, scionoferis the Draconian Monk.
The heart of this dungeon contains the transcendent artefact, the Orb of Zot.
Press ? for a list of commands and other information.
Found a staircase leading out of the dungeon.
Adjust (i)tems, (s)pells, or (a)bilities?
Okay, then.
A bat and a kobold come into view.
The kobold shouts!
You hit the kobold.
The kobold is severely wounded.
You completely miss the kobold.
The kobold is severely wounded.
The kobold misses you.
You hit the kobold.
You kill the kobold!
No target in view!
You see here a +0 whip.
Found a stone staircase leading down.
The bat closely misses you. The bat hits you but does no damage.
The bat hits you but does no damage. The bat hits you.
You hit the bat.
Your tail-slap misses the bat.
The bat is severely wounded.
The bat barely misses you. The bat hits you but does no damage.
You hit the bat but do no damage.
The bat is severely wounded.
The bat hits you but does no damage. x2
You hit the bat.
You kill the bat!
No target in view!
HP restored.
There is a stone staircase leading down here.
You now have 12 gold pieces.
You now have 17 gold pieces (gained 5).
b - a pink potion
Found a stone.
Found Mattam's Book Shop.
c - a scroll labelled NARIBA DOLUOWN You see here a stone.
You open the door.
There is an open door here.
You now have 26 gold pieces (gained 9).
A frilled lizard comes into view.
Found a stone staircase leading down.
The frilled lizard hisses angrily.
The frilled lizard bites you.
You hit the frilled lizard but do no damage.
The frilled lizard bites you but does no damage.
You barely miss the frilled lizard. You punch the frilled lizard.
The frilled lizard is heavily wounded.
The frilled lizard closely misses you.
You miss the frilled lizard. You punch the frilled lizard.
You kill the frilled lizard!
No target in view!
You see here a frilled lizard corpse.
You open the door.
There is an open door here.
There is an open door here.
You now have 40 gold pieces (gained 14).
Found 5 stones.
You see here 5 stones.
c - 2 scrolls labelled NARIBA DOLUOWN (gained 1)
There is an open door here.
You now have 46 gold pieces (gained 6).
You see here a +0 whip.
Found 5 poisoned darts.
You see here a stone.
d - a scroll labelled UCOEQE ZEUVOT 2 bats come into view.
Found 9 gold pieces and a club.
An endoplasm comes into view.
The bat hits you but does no damage. The bat completely misses you.
The bat closely misses you.
You miss the bat.
The endoplasm quivers.
The bat hits you but does no damage. x2
Found a robe.
The bat closely misses you. The bat barely misses you.
You closely miss the bat. The bat hits you.
The bat hits you but does no damage. The bat hits you but does no damage.
The bat misses you. The bat hits you but does no damage.
You completely miss the bat.
Your tail-slap misses the bat.
Your punch misses the bat. The bat completely misses you.
The bat barely misses you. The bat hits you.
You hit the bat.
You kill the bat!
The bat hits you but does no damage. The bat misses you.
You hit the endoplasm.
The endoplasm is severely wounded.
The bat hits you but does no damage. The endoplasm completely misses you.
You hit the endoplasm.
You kill the endoplasm!
The bat barely misses you.
Your Stealth skill increases to level 2!
The bat barely misses you.
You see here a bat corpse.
You hit the bat but do no damage. The bat hits you but does no damage.
You hit the bat but do no damage. The bat closely misses you. The bat hits you.
The bat closely misses you.
You miss the bat. The bat closely misses you.
You closely miss the bat. The bat hits you but does no damage.
You closely miss the bat. The bat barely misses you.
The bat closely misses you.
You miss the bat. The bat barely misses you.
Found a green potion.
The bat barely misses you. The bat hits you but does no damage.
You barely miss the bat. The bat barely misses you.
The bat hits you but does no damage.
You closely miss the bat. The bat hits you. The bat closely misses you.
You hit the bat.
The bat is moderately wounded.
The bat hits you but does no damage.
You hit the bat.
The bat is heavily wounded.
The bat hits you but does no damage.
You hit the bat but do no damage.
Your tail-slap misses the bat.
Your punch misses the bat.
The bat is heavily wounded.
The bat closely misses you.
You hit the bat but do no damage.
The bat is heavily wounded.
The bat hits you but does no damage.
You closely miss the bat.
The bat is heavily wounded.
The bat hits you but does no damage. The bat closely misses you.
You hit the bat.
You kill the bat!
No target in view!
You now have 55 gold pieces (gained 9).
e - a green potion
Found a stone staircase leading down.
There is a stone staircase leading down here.
You open the door.
There is an open door here.
There is an entrance to Mattam's Book Shop here.
There is an open door here.
You open the door.
Found a leather armour.
There is an open door here.
You pick up a book of Changes and begin reading...
You add the spells Beastly Appendage, Wereblood and Spider Form to your library.
There is an open door here.
You see here a bat corpse.
You see here a stone.
You see here 5 poisoned darts.
f - 5 poisoned darts
There is an open door here.
Found 3 stones.
You see here 3 stones.
There is an open door here.
A frilled lizard comes into view.
A kobold comes into view. It is wielding a +0 short sword.
Found a scroll labelled NIOCWE NULERIE.
The frilled lizard hisses angrily.
You hit the frilled lizard.
You kill the frilled lizard!
The kobold shouts!
The kobold throws a stone.
The stone hits you.
A ball python comes into view.
The ball python hisses angrily.
You hit the kobold.
You kill the kobold!
The ball python closely misses you. The ball python grabs you.
The ball python constricts you.
Things that are here:
a +0 short sword; 4 stones You barely miss the ball python.
The ball python bites you but does no damage.
The ball python constricts you.
You hit the ball python.
Your tail-slap misses the ball python.
The ball python is moderately wounded.
The ball python bites you but does no damage.
The ball python constricts you. The ball python bites you.
The ball python constricts you.
You hit the ball python but do no damage.
The ball python is moderately wounded.
The ball python bites you but does no damage.
The ball python constricts you.
You hit the ball python.
You kill the ball python!
You have reached level 2!
You see here a frilled lizard corpse.
g - a scroll labelled NIOCWE NULERIE You see here a frilled lizard corpse.
Found an escape hatch in the floor.
Done exploring.
Done exploring.
There is a stone staircase leading down here.
You climb downwards.
Found a scroll labelled FIOGIA POBAKH.
Found a stone staircase leading up.
There is a stone staircase leading up here.
Found a stone staircase leading down.
A goblin comes into view. It is wielding a +4 dagger.
You see here a scroll labelled FIOGIA POBAKH.
You see here 8 gold pieces.
The helpless goblin fails to defend itself.
You hit the goblin.
The goblin is moderately wounded.
You hit the goblin.
You kill the goblin!
No target in view!
You now have 63 gold pieces (gained 8).
h - a scroll labelled FIOGIA POBAKH You see here a +4 dagger.
You see here a +4 dagger.
You now have 66 gold pieces (gained 3).
b - 2 pink potions (gained 1)
A goblin comes into view. It is wielding a +0 club.
Your movement speed is average.
Your attack delay is about 0.9.
Your damage rating with unarmed combat is about 6 (Base [3 + 3 (UC)] x 107% (Str) x 105% (Fight)).
Unknown command.
You see here a +4 dagger.
i - a +4 dagger
i - a +4 dagger (weapon)
Char dumped successfully.
Your movement speed is average.
Your attack delay is about 1.0.
Your damage rating with your +4 dagger is about 8 (Base 4 x 107% (Dex) x 105% (Skill) + 4 (Ench)).
Unknown command.
Unknown command.
Found a stone staircase leading down.
There is a stone staircase leading down here.
The helpless goblin fails to defend itself.
You puncture the goblin!
You kill the goblin!
No target in view!
Things that are here:
a +0 club; a goblin corpse
Found a robe.
A jackal comes into view.
The jackal barks!
You hear a bark!
A jackal comes into view.
The jackal bites you.
You barely miss the jackal. You tail-slap the jackal.
The jackal is almost dead.
The jackal barely misses you. x2
You barely miss the jackal.
The jackal is almost dead.
The jackal bites you but does no damage.
You hit the jackal.
You kill the jackal!
You hit the jackal.
You kill the jackal!
No target in view!
HP restored.
You see here a jackal corpse.
You now have 83 gold pieces (gained 17).
Found a hand axe.
An endoplasm comes into view.
Found a scroll labelled NARIBA DOLUOWN.
You hit the endoplasm but do no damage. The endoplasm closely misses you.
You barely miss the endoplasm. The endoplasm freezes you.
You are frozen.
You hit the endoplasm.
The endoplasm is severely wounded.
The endoplasm barely misses you.
You hit the endoplasm.
You kill the endoplasm!
No target in view!
j - a yellow potion
c - 3 scrolls labelled NARIBA DOLUOWN (gained 1)
A giant cockroach comes into view.
The giant cockroach barely misses you.
You barely miss the giant cockroach. The giant cockroach barely misses you.
You barely miss the giant cockroach.
The giant cockroach bites you but does no damage.
You hit the giant cockroach.
You kill the giant cockroach!
No target in view!
You now have 95 gold pieces (gained 12).
A dart slug comes into view.
The dart slug bites you but does no damage.
You hit the dart slug.
The dart slug is moderately wounded.
The dart slug bites you.
You hit the dart slug.
You tail-slap the dart slug, but do no damage.
The dart slug is heavily wounded.
You hit the dart slug. You tail-slap the dart slug.
You kill the dart slug!
No target in view!
Found 8 stones.
You see here a +0 hand axe.
Found a stone staircase leading up.
A quokka comes into view.
A worm comes into view.
The quokka misses you.
You completely miss the quokka. The quokka barely misses you. x2
You closely miss the quokka.
The quokka bites you but does no damage.
You hit the quokka but do no damage.
The quokka bites you but does no damage.
You hit the quokka.
The quokka is heavily wounded.
The quokka barely misses you.
You hit the quokka.
You kill the quokka!
Found a scroll labelled WODU GUBBEITO.
You hit the worm.
The worm is lightly wounded.
You hit the worm.
The worm is moderately wounded.
The worm bites you.
You hit the worm but do no damage.
The worm is moderately wounded.
The worm bites you!
You are too injured to fight recklessly!
You are too injured to fight recklessly!
You are too injured to fight recklessly!
You hit the worm.
The worm is moderately wounded.
You hit the worm.
Your tail-slap misses the worm.
The worm is severely wounded.
The worm barely misses you.
You hit the worm. You tail-slap the worm.
The worm is severely wounded.
You hit the worm.
The worm is almost dead.
The worm closely misses you.
You hit the worm.
You kill the worm!
You now have 102 gold pieces (gained 7).
You now have 107 gold pieces (gained 5).
c - 4 scrolls labelled NARIBA DOLUOWN (gained 1)
k - a scroll labelled WODU GUBBEITO You see here a worm corpse.
You see here a quokka corpse.
An endoplasm comes into view.
You completely miss the endoplasm. You tail-slap the endoplasm.
The endoplasm is lightly wounded.
The endoplasm closely misses you.
You puncture the endoplasm!
You kill the endoplasm!
No target in view!
Found a dagger.
You see here a +0 dagger.
Found a leather armour.
You see here a +0 leather armour.
Found a stone staircase leading down.
You see here a +0 leather armour.
Found a club.
You see here a +0 club.
Done exploring.
Done exploring.
There is a stone staircase leading down here.
You climb downwards.
There is a stone staircase leading up here.
A quokka comes into view.
The helpless quokka fails to defend itself.
You puncture the quokka!
You kill the quokka!
A giant cockroach comes into view.
You hit the giant cockroach.
You kill the giant cockroach!
You have reached level 3!
Your experience leads to an increase in your attributes!
Increase (S)trength, (I)ntelligence, or (D)exterity?
You feel stronger. x2; Your scales feel tougher.
Ijyb the Twisted Goblin comes into view.
She is wielding a +0 club and carrying a wand of mindburst (13).
Found a short sword.
Ijyb shouts!
You hear a shout!
You hear an angry hiss.
Ijyb screams, "It's all mine!"
Ijyb moves out of view.
Found an escape hatch in the floor.
A kobold comes into view. It is wielding a +0 short sword.
You hit Ijyb but do no damage. Ijyb closely misses you.
You closely miss Ijyb.
Ijyb zaps a wand.
Your mind is blasted!
You hit Ijyb but do no damage.
Ijyb zaps a wand.
You barely resist. You hit Ijyb but do no damage. Ijyb hits you with a +0 club.
You barely miss Ijyb.
Ijyb zaps a wand.
Your mind is blasted!
* * * LOW HITPOINT WARNING * * *
It was a potion of curing.
You feel better. Ijyb hits you with a +0 club.
It was a potion of cancellation.
You feel magically purged. Ijyb misses you.
It was a potion of attraction.
You feel attractive to monsters. Ijyb hits you but does no damage.
You hit Ijyb but do no damage. You tail-slap Ijyb, but do no damage.
Ijyb screams, "I dance on your bones!" Ijyb closely misses you.
You hit Ijyb.
Ijyb is moderately wounded.
Ijyb hits you with a +0 club.
You hit Ijyb but do no damage.
Ijyb is moderately wounded.
Ijyb hits you but does no damage.
You hit Ijyb.
Ijyb is heavily wounded.
Ijyb hits you but does no damage.
You closely miss Ijyb.
Your tail-slap misses Ijyb.
Ijyb is heavily wounded.
Ijyb closely misses you.
You closely miss Ijyb.
Ijyb is heavily wounded.
Ijyb zaps a wand.
Your mind is blasted!
* * * LOW HITPOINT WARNING * * *
You closely miss Ijyb.
Ijyb is heavily wounded.
Ijyb zaps a wand.
Your mind is blasted!
* * * LOW HITPOINT WARNING * * *
You closely miss Ijyb.
Ijyb is heavily wounded.
Ijyb hits you but does no damage.
You hit Ijyb but do no damage.
Ijyb is heavily wounded.
Ijyb zaps a wand.
Your mind is blasted!
You die...

Skill      XL: |  1 |
---------------+----+-----
Stealth        | 2 |  2.4
Fighting       | |  3.5
Dodging        | |  2.9
Unarmed Combat | |  3.4

Action                   || total
-------------------------++-------
Melee: Unarmed           ||    37
       Punch             ||     2
       Dagger            ||    46
       Tailslap          ||     6
  Use: Potion            ||     3
 Stab: Sleeping          ||     3
Armor: Skin              ||    34
Dodge: Dodged            ||    44

Levels and vault maps discovered:
D:1:      scummos_arrival_hexagon, layout_basic, serial_shops,
          nicolae_shop_window_shopping, hangedman_decor_push,
          corexii_hall_statues_l, minmay_misc_feat_five
D:2:      layout_loops_ring
D:3:      layout_loops_cross, mainiacjoe_overflow_boulevard,
          mainiacjoe_overflow_alcove_4, shapermc_ecumenical_altar_ellora,
          uniq_ijyb, uniq_jessica, uniq_terence, uniq_sigmund

Notes
Turn   | Place    | Note
-------+----------+-------------------------------------------
     0 | D:1      | scionoferis the Draconian Monk began the quest for the Orb.
     0 | D:1      | Reached XP level 1. HP: 19/19 MP: 1/1
   158 | D:1      | Found Mattam's Book Shop.
   391 | D:1      | Reached skill level 2 in Stealth
   724 | D:1      | Reached XP level 2. HP: 23/26 MP: 2/2
  1657 | D:3      | Reached XP level 3. HP: 31/31 MP: 3/3
  1668 | D:3      | Noticed Ijyb
  1684 | D:3      | HP: 3/31 [disintegration (8)]
  1687 | D:3      | Blown up by Ijyb

Vanquished Creatures
  A worm (D:2)
  A dart slug (D:2)
  A ball python (D:1)
  3 endoplasms (D:1 D:2)
  2 giant cockroaches (D:2 D:3)
  2 jackals (D:2)
  2 quokkas (D:2 D:3)
  3 bats (D:1)
  2 frilled lizards (D:1)
  2 goblins (D:2)
  2 kobolds (D:1)
21 creatures vanquished.

Table legend: (Time is in decaauts)
 A = Elapsed time spent in this place.
 B = Non-inter-level travel time spent in this place.
 C = Inter-level travel time spent in this place.
 D = Time resting spent in this place.
 E = Time spent auto-exploring this place.
 F = Levels seen in this place.
 G = Mean time per level.
                   A        B        C        D        E       F      G
               +--------+--------+--------+--------+--------+-----+--------+
         Total |   1683 |   1509 |    174 |      0 |   1308 |   3 |  561.0 |
       Dungeon |   1683 |   1509 |    174 |      0 |   1308 |   3 |  561.0 |
               +--------+--------+--------+--------+--------+-----+--------+

Top non-repeatable levels by time:
     D:1: 863 daAuts
     D:2: 774 daAuts
     D:3: 45 daAuts

Table legend:
 A = Non-vault XP
 B = Vault XP
 C = Vault XP percentage of total XP
 D = Non-vault monster count
 E = Vault monster count
 F = Vault count percentage of total count
                 A         B        C        D         E       F
            +---------+---------+-------+---------+---------+-------
      Total |      41 |       0 |   0.0 |      21 |       0 |   0.0
            +---------+---------+-------+---------+---------+-------
        D:1 |      13 |       0 |   0.0 |       9 |       0 |   0.0
        D:2 |      24 |       0 |   0.0 |      10 |       0 |   0.0
        D:3 |       4 |       0 |   0.0 |       2 |       0 |   0.0
            +---------+---------+-------+---------+---------+-------
